Map: Dusk Towers

Players

MorN

  • Race: Terran Terran
  • League: Master

TryThePriest - Winner!

  • Race: Zerg Zerg
  • League: Master

VOD

Have the link to the VOD?

Description

Time

  • Played on: Nov. 18, 2015, 6:58 p.m.
  • Length: 13:18
Show
View Real Time Build Order
Export as new Build Order

MorN Terran 

Build Orders: Command Center First (CC), Liberator Opening, MMM Bio 

Get SALT Encoding   

  12  0:00  SCV  
  13  0:13  SCV  
  14  0:17  Supply Depot  
  14  0:25  SCV  
  15  0:39  SCV  
  16  0:57  Command Center  
  16  1:02  SCV  
  17  1:06  Refinery  
  17  1:14  SCV  
  18  1:20  Barracks  
  18  1:28  SCV  
  19  1:40  SCV  
  20  1:52  SCV  
  21  2:05  SCV  
  22  2:09  Marine  
  22  2:10  Factory  
  22  2:12  Orbital Command  
  23  2:18  Orbital Command  
  23  2:28  Barracks Reactor  
  22  2:39  SCV, Refinery  
  22  2:44  SCV  
  24  2:56  Supply Depot  
  24  2:57  SCV  
  25  2:59  SCV  
  26  3:09  SCV, Starport  
  26  3:11  Hellion x2  
  31  3:18  Barracks Reactor  
  32  3:21  SCV  
  32  3:25  SCV  
  33  3:29  Command Center  
  33  3:31  Supply Depot  
  33  3:33  SCV  
  34  3:39  Hellion x2  
  38  3:41  SCV  
  38  3:45  SCV, Liberator  
  40  3:50  Liberator  
  40  3:53  SCV  
  41  3:57  SCV  
  45  4:09  SCV  
  50  4:10  SCV  
  50  4:13  Hellion x2  
  50  4:14  Barracks Tech Lab  
  54  4:35  Stimpack  
  54  4:40  SCV x2, Marine  
  57  4:45  Orbital Command  
  57  4:46  Barracks  
  57  4:47  Factory Reactor  
  57  4:49  Barracks  
  57  4:53  SCV x2  
  59  5:01  Refinery x2  
  59  5:02  Supply Depot, Marine  
  59  5:05  SCV x2  
  62  5:13  SCV  
  63  5:15  Barracks  
  63  5:16  Supply Depot  
  63  5:17  SCV, Starport Reactor  
  63  5:18  Barracks  
  64  5:28  Marine  
  65  5:32  SCV  
  65  5:33  Engineering Bay  
  66  5:36  Engineering Bay, Factory Reactor  
  66  5:37  SCV  
  66  5:38  SCV  
  66  5:41  Supply Depot  
  68  5:44  SCV  
  68  5:49  SCV  
  70  5:50  SCV  
  70  5:54  Marine x2  
  70  5:55  Marine  
  71  6:08  Marine x2  
  71  6:10  Terran Infantry Weapons Level 1, Terran Infantry Armor Level 1  
  70  6:11  Marine  
  70  6:12  Supply Depot  
  70  6:14  Barracks Reactor, Missile Turret  
  70  6:16  Missile Turret  
  70  6:17  Orbital Command, Missile Turret, Marine x2  
  70  6:18  Marine  
  74  6:24  Marine  
  74  6:25  Medivac x2  
  79  6:26  Marine, Widow Mine x2  
  79  6:31  SCV  
  85  6:35  Combat Shields, Missile Turret  
  84  6:43  Marine  
  84  6:44  Marine x2  
  85  6:55  Marine x2  
  85  6:56  Marine x2  
  89  7:07  SCV x3, Missile Turret  
  92  7:10  Marine x5  
  92  7:13  Marine  
  98  7:16  Factory  
  98  7:17  Barracks  
  98  7:19  SCV, Barracks  
  98  7:20  Barracks  
  98  7:22  Armory  
  99  7:28  Widow Mine  
  101  7:34  Supply Depot, Marine x2, SCV x2, Widow Mine  
  101  7:35  Marauder  
  101  7:36  Supply Depot  
  109  7:37  Supply Depot  
  109  7:38  Supply Depot  
  109  7:40  Supply Depot  
  109  7:53  Marine  
  109  7:54  Marine  
  109  7:55  SCV, Medivac, Marine x2  
  109  7:56  Missile Turret, Marine x3  
  109  7:57  SCV, Marine  
  119  7:59  SCV  
  119  8:00  Supply Depot  
  119  8:04  Marine  
  122  8:06  Barracks Reactor  
  122  8:07  SCV  
  122  8:09  Factory Tech Lab, Barracks Tech Lab x2  
  122  8:11  Marine  
  123  8:16  Widow Mine, Marine x5  
  130  8:22  SCV x2  
  130  8:23  Terran Infantry Weapons Level 2  
  132  8:28  Terran Infantry Armor Level 2  
  132  8:34  Marine x2  
  128  8:44  Marine  
  128  8:45  Marauder, Marine x5  
  128  8:46  Marauder x2, Widow Mine  
  136  8:56  Marine x4  
  136  8:58  Medivac  
  136  9:00  SCV  
  136  9:01  SCV x2  
  136  9:02  Marine x3, Medivac  
  141  9:03  Marine x2  
  141  9:07  Marauder  
  148  9:12  Supply Depot  
  148  9:19  Siege Tank, Marauder  
  148  9:21  Marauder  
  149  9:34  Marauder, Medivac, Marine x3  
  149  9:35  Supply Depot  
  156  9:40  Command Center  
  156  9:44  Marine  
  157  9:55  Supply Depot  
  157  9:56  Marine x4  
  157  9:57  Marauder x2  
  165  10:06  Marauder  
  164  10:07  Medivac x2  
  164  10:08  Siege Tank  
  164  10:11  Marine x3  
  164  10:13  Marine x2  
  164  10:14  Marine x2  
  153  10:18  Marauder  
  153  10:20  Widow Mine, Marine x2  
  153  10:21  Widow Mine  
  162  10:28  Marine, Marauder  
  164  10:29  Marine  
  164  10:32  SCV x3, Refinery  
  164  10:34  Refinery  
  169  10:36  Marine x2  
  169  10:39  Marauder  
  169  10:41  Barracks Tech Lab  
  173  10:52  SCV, Siege Tank, Marauder  
  173  10:56  Marine x3  
  182  11:01  Marauder  
  184  11:05  Marine x2  
  184  11:06  Marine  
  187  11:15  Barracks Reactor  
  187  11:16  Marauder x2  
  187  11:18  Marine  
  188  11:24  Marauder, Marine  
  188  11:32  Marine x2  
  188  11:38  Marine  
  188  11:39  Marauder, Siege Tank, Marine  
  188  11:40  Marauder  
  188  11:42  Marine x3  
  188  11:43  Widow Mine x2  
  188  11:45  Planetary Fortress  
  188  11:46  Marauder  
  168  11:56  Marine x2  
  168  12:00  Marauder  
  172  12:01  Refinery, Marauder  
  172  12:02  Missile Turret  
  172  12:03  Supply Depot, Refinery  
  174  12:11  Siege Tank  
  174  12:12  Widow Mine  
  115  12:26  Marine  
  115  12:27  Marauder x2, Marine x3  
  115  12:28  Marine x3, Marauder  
  118  12:33  SCV  
  118  12:35  Medivac x2  
  123  12:43  Siege Tank  
  126  12:44  Marine x2  
  126  12:45  Marine  
  126  12:49  Marauder x2  
  133  12:56  SCV x2  
  133  12:57  Marine  
  133  12:58  Supply Depot, Marine x3  
Show
View Real Time Build Order
Export as new Build Order

TryThePriest Zerg - Winner!

Build Orders: Hatch First, Lurkers 

Get SALT Encoding   

  12  0:01  Drone  
  13  0:12  Overlord  
  13  0:17  Drone  
  14  0:30  Drone x2  
  16  0:49  Hatchery  
  15  0:51  Drone  
  15  0:55  Drone  
  17  1:09  Spawning Pool  
  16  1:12  Drone  
  16  1:17  Extractor  
  16  1:18  Drone  
  17  1:20  Drone  
  18  1:28  Drone  
  19  1:39  Overlord  
  19  1:56  Queen  
  19  1:57  Zergling x2  
  19  2:00  Zergling x2  
  23  2:02  Queen  
  25  2:16  Metabolic Boost  
  25  2:23  Drone x2  
  27  2:32  Drone  
  27  2:33  Drone x2  
  27  2:34  Queen  
  32  2:38  Overlord  
  32  2:54  Drone x4  
  36  3:00  Lair  
  36  3:08  Extractor  
  36  3:12  Drone x5  
  40  3:17  Overlord  
  40  3:24  Drone  
  40  3:25  Drone x3  
  44  3:37  Drone x2, Extractor x2  
  44  3:45  Drone x3  
  44  3:46  Overlord  
  47  4:03  Overseer  
  47  4:04  Spire  
  47  4:05  Queen  
  47  4:06  Queen  
  50  4:16  Zergling x4  
  52  4:32  Hatchery  
  52  4:35  Drone x5  
  52  4:37  Drone x2  
  58  4:39  Overlord  
  58  4:43  Overlord  
  58  4:55  Spore Crawler  
  58  4:57  Spore Crawler  
  58  4:58  Drone  
  57  5:02  Drone  
  58  5:15  Mutalisk x5  
  58  5:19  Mutalisk  
  70  5:28  Hydralisk Den  
  69  5:31  Baneling Nest  
  69  5:34  Drone x2  
  69  5:35  Drone x3  
  72  5:39  Overlord  
  72  5:46  Drone  
  72  5:47  Drone x2  
  66  5:58  Drone x4  
  66  5:59  Drone  
  66  6:04  Overlord  
  70  6:12  Overlord  
  70  6:17  Lurker Den  
  70  6:18  Evolution Chamber x2  
  68  6:26  Drone x4  
  72  6:32  Overlord  
  72  6:34  Drone x3  
  75  6:42  Overlord  
  75  6:43  Zergling x4  
  77  6:48  Zerg Melee Weapons Level 1  
  77  6:55  Zerg Ground Armor Level 1  
  77  6:57  Drone x4  
  77  6:58  Drone  
  77  6:59  Drone  
  77  7:00  Drone  
  84  7:16  Hydralisk x3  
  84  7:21  Hydralisk x2  
  94  7:23  Hatchery, Hydralisk  
  94  7:26  Hydralisk  
  94  7:28  Hydralisk  
  99  7:32  Baneling x6  
  99  7:33  Baneling x2  
  99  7:40  Drone x4  
  99  7:42  Drone x2  
  105  7:46  Extractor  
  105  7:47  Extractor  
  105  7:48  Drone x2  
  105  7:49  Drone x3  
  105  7:50  Drone  
  109  7:57  Overlord  
  109  8:04  Lurker x5  
  109  8:05  Lurker x2  
  116  8:18  Zerg Flyer Weapons Level 1  
  116  8:30  Hatchery  
  116  8:31  Zergling x30  
  130  8:35  Lurker  
  130  8:39  Overlord  
  129  8:49  Overseer  
  129  8:52  Overlord  
  122  8:56  Drone  
  122  8:57  Drone x3  
  122  8:59  Mutalisk x5  
  134  9:09  Overlord  
  133  9:17  Zergling x16  
  133  9:20  Queen  
  143  9:24  Baneling x7  
  143  9:31  Mutalisk x4  
  151  9:51  Zerg Melee Weapons Level 2  
  151  9:54  Zerg Ground Armor Level 2  
  151  9:58  Queen  
  151  9:59  Zergling x2  
  157  10:00  Zergling x22  
  157  10:02  Overlord  
  139  10:15  Centrifical Hooks  
  139  10:18  Zergling x10  
  144  10:28  Baneling x7  
  143  10:33  Mutalisk x2  
  143  10:35  Overlord x2  
  147  10:40  Zergling x4  
  147  10:41  Zergling x6  
  152  10:45  Drone  
  152  10:46  Infestation Pit  
  152  10:50  Drone  
  152  10:55  Hydralisk x3  
  159  10:57  Hydralisk  
  159  11:00  Hydralisk  
  159  11:02  Zergling x6  
  159  11:03  Zergling x10  
  171  11:08  Zergling x2  
  171  11:09  Hatchery  
  168  11:18  Overseer  
  168  11:21  Baneling  
  168  11:22  Baneling x3  
  156  11:26  Baneling  
  156  11:27  Baneling x6  
  140  11:34  Lurker x4  
  140  11:39  Zergling x2  
  133  11:40  Zergling x22  
  133  11:44  Zergling x4  
  138  11:50  Queen  
  138  11:51  Zergling x12  
  138  11:52  Zergling x8  
  150  11:56  Zergling x22  
  150  11:59  Hive  
  150  12:01  Baneling x10  
  161  12:06  Zergling x8  
  165  12:10  Baneling x2  
  165  12:11  Baneling x4  
  165  12:12  Zergling x2  
  159  12:17  Zergling x8  
  159  12:21  Zergling x2  
  159  12:22  Zergling x24  
  155  12:34  Baneling x11  
  155  12:35  Mutalisk  
  155  12:37  Zergling x10  
  158  12:40  Zergling x6  
  165  12:54  Zergling x2  
  165  12:55  Zergling x16  
  172  13:00  Zergling x22  
  172  13:03  Baneling  
  172  13:04  Baneling x2  
Tags
 
Add a new tag
Caveats
  • Supply blocks, unpowered buildings, or Contaminate may cause inaccurate times.
  • Supply counts are checked every 10 seconds.